 Dungeon Crawl Stone Soup version 0.32-a0-468-g38b2580584 (webtiles) character file.

Game seed: 2841849513607986024

266 shadizar the Firebug (level 6, -1/49 HPs)
             Began as a Mountain Dwarf Fire Elementalist on Feb 24, 2024.
             Killed from afar by an orc wizard (3 damage)
             ... with a magic dart
             ... on level 3 of the Dungeon.
             The game lasted 00:06:27 (2206 turns).

shadizar the Firebug (MDFE)                         Turns: 2206, Time: 00:06:27

Health: -1/49      AC:  8    Str: 10    XL:     6   Next: 0%
Magic:  1/10       EV:  8    Int: 18    God:
Gold:   82         SH:  0    Dex: 10    Spells: 9/10 levels left

rFire   . . .        h - +0 dagger
rCold   + . .        e - +0 buckler
rNeg    . . .        i - +2 scale mail {rC+}
rPois   .            (no helmet)
rElec   .            (no cloak)
rCorr   .            (no gloves)
SInv    .            (no boots)
Will    .....        (no amulet) Stlth
                     (no ring)
HPRegen 0.28/turn    (no ring)
MPRegen 0.12/turn

%: no passive effects
@: confused
A: runic magic, artefact enchanting
a: no special abilities


You were on level 3 of the Dungeon.
You visited 1 branch of the dungeon, and saw 3 of its levels.

You collected 82 gold pieces.

Inventory:

Hand Weapons
 h - a +0 dagger (weapon)
Armour
 e - a +0 buckler (worn)
 i - a +2 scale mail of cold resistance (worn)
Jewellery
 j - a ring of positive energy
 n - a +6 ring of dexterity
Scrolls
 c - 4 scrolls of identify {unknown}
 d - a scroll of silence {unknown}
 f - 2 scrolls of poison {unknown}
 g - 2 scrolls of teleportation {unknown}
 l - a scroll of revelation {unknown}
Potions
 a - a potion of lignification {unknown}
 b - a potion of magic
 k - a potion of haste {unknown}
 m - 2 potions of heal wounds {unknown}


   Skills:
 + Level 2.3 Fighting
 + Level 2.1 Armour
 - Level 1.3 Dodging
 - Level 1.4 Stealth
 + Level 2.0 Shields
 + Level 2.7 Spellcasting
 + Level 2.4 Conjurations
 + Level 4.7 Fire Magic


You had 9 spell levels left.
You knew the following spells:

 Your Spells              Type           Power      Damage    Failure   Level
a - Foxfire               Conj/Fire      60%        2x1d7     9%          1

Your spell library contained the following spells:

 Spells                   Type           Power      Damage    Failure   Level
 Scorch                   Fire           38%        2d6       9%          2
 Inner Flame              Hex/Fire       11%        N/A       41%         3
 Volatile Blastmotes      Fire/Tloc      22%        2d11      41%         3
 Flame Wave               Conj/Fire      15%        2d7       65%         4
 Fugue of the Fallen      Necr           2%         N/A       75%         3
 Ozocubu's Armour         Ice            2%         N/A       75%         3
 Manifold Assault         Tloc           2%         N/A       98%         4


Dungeon Overview and Level Annotations

Branches:
Dungeon (3/15)

Altars:
Kikubaaqudgha


Innate Abilities, Weirdness & Mutations

Your spellcasting is much less encumbered by armour.
You can use scrolls of enchantment on lesser artefacts.


Message History

Unknown command.
You barely miss the orc wizard.
The orc wizard is heavily wounded.
The foxfire hits the orc wizard but does no damage.
The orc wizard is heavily wounded.
The foxfire hits the orc wizard.
The orc wizard is heavily wounded.
The foxfire hits the orc wizard.
The orc wizard is severely wounded.
The orc hits you but does no damage.
The orc wizard hits you but does no damage.
You are electrocuted!
* * * LOW HITPOINT WARNING * * *
Unknown command.
Unknown command.
Unknown command.
Unknown command.
Unknown command.
You barely miss the orc wizard.
The orc wizard is severely wounded.
The orc hits you but does no damage. The orc wizard casts a spell at you.
The magic dart hits you!
* * * LOW HITPOINT WARNING * * *
You hit the orc wizard.
The orc wizard is severely wounded.
The orc hits you but does no damage. The orc wizard casts a spell at you.
You are confused.
You hit the orc wizard but do no damage.
The orc wizard is severely wounded.
The orc hits you with a +0 falchion.
* * * LOW HITPOINT WARNING * * *
The orc wizard closely misses you.
You barely miss the orc wizard.
The orc wizard is severely wounded.
The orc hits you but does no damage.
The orc wizard points at you and mumbles some strange words.
The magic dart hits you.
You die...

#.........# #.# #.........# #.#
..........# #.#
.......†..######.#
.................#
.†...............#
..########......)##############
...# #.+......oo...........<#
..%## #.#......@##############
....# #.#.......#
..#.####.#.......#
###......#.......#
##.....#.......#
#.....#.......# #.......#..####
#####.#.#.## #..>..#


You could see an orc wizard and an orc.

Vanquished Creatures
  Sigmund (D:2)
  Robin (D:2)
  3 adders
  A dart slug (D:1)
  2 orcs (D:3)
  10 bats
  3 endoplasms (D:2)
  4 giant cockroaches
  10 goblins (D:2)
  4 hobgoblins
  2 kobolds
  2 quokkas
  6 ball pythons
  3 rats
52 creatures vanquished.

Vanquished Creatures (others)
  164 foxfires
164 creatures vanquished.

Grand Total: 216 creatures vanquished

Notes
Turn   | Place    | Note
-------+----------+-------------------------------------------
     0 | D:1      | shadizar the Mountain Dwarf Fire Elementalist began the
                  | quest for the Orb.
     0 | D:1      | Reached XP level 1. HP: 14/14 MP: 3/3
    19 | D:1      | Reached skill level 1 in Conjurations
   196 | D:1      | Reached XP level 2. HP: 22/22 MP: 1/5
   547 | D:1      | Reached skill level 1 in Fighting
   938 | D:2      | Reached skill level 4 in Fire Magic
   938 | D:2      | Reached XP level 3. HP: 19/28 MP: 1/6
  1044 | D:2      | Noticed Robin
  1088 | D:2      | Noticed Sigmund
  1373 | D:2      | Killed Sigmund
  1374 | D:2      | Reached skill level 1 in Shields
  1374 | D:2      | Reached XP level 4. HP: 28/36 MP: 1/7
  1374 | D:2      | Reached XP level 5. HP: 32/41 MP: 1/8
  1553 | D:2      | Killed Robin
  1641 | D:2      | Found an ancient bone altar of Kikubaaqudgha.
  2194 | D:3      | Reached XP level 6. HP: 49/49 MP: 5/10
  2203 | D:3      | HP: 2/49 [orc wizard/magic dart (8)]
  2206 | D:3      | Killed from afar by an orc wizard

Illustrated notes

Levels and vault maps discovered:
D:1:      amcnicky_arrival_underground_garden, layout_rooms,
          dreamdust_princess_bridge
D:2:      layout_rooms, basic_altar, uniq_robin, uniq_sigmund
D:3:      layout_basic

Skill      XL: |  1  2  3  4  5 |
---------------+----------------+-----
Conjurations   | 1 2 |  2.4
Spellcasting   | 2 |  2.7
Fighting       | 1 2 |  2.3
Fire Magic     | 4 |  4.7
Armour         | 2 |  2.1
Shields        | 1 2 |  2.0
Dodging        | |  1.3
Stealth        | |  1.4

Action                     |  1- 3 |  4- 6 || total
---------------------------+-------+-------++-------
  Melee: Unarmed           |     4 |       ||     4
         Dagger            |    17 |    12 ||    29
   Cast: Foxfire           |    57 |    46 ||   103
 Armour: Robe              |     4 |       ||     4
         Scale mail        |    52 |    32 ||    84
         Ring mail         |     3 |       ||     3
  Dodge: Dodged            |    26 |    19 ||    45
  Block: Buckler           |     8 |    10 ||    18

Table legend: (Time is in decaauts)
 A = Elapsed time spent in this place.
 B = Non-inter-level travel time spent in this place.
 C = Inter-level travel time spent in this place.
 D = Time resting spent in this place.
 E = Time spent auto-exploring this place.
 F = Levels seen in this place.
 G = Mean time per level.
                   A        B        C        D        E       F      G
               +--------+--------+--------+--------+--------+-----+--------+
         Total |   2208 |   2161 |     47 |      0 |   1587 |   3 |  736.0 |
       Dungeon |   2208 |   2161 |     47 |      0 |   1587 |   3 |  736.0 |
               +--------+--------+--------+--------+--------+-----+--------+

Top non-repeatable levels by time:
     D:1: 965 daAuts
     D:2: 963 daAuts
     D:3: 279 daAuts
